 Dungeon Crawl Stone Soup version 0.30-a0-371-gad7725a93e (webtiles) character file.

Game seed: 17482740511015716330

9674 FalseProphet the Spear-Bearer (level 11, -4/89 HPs)
             Began as a Demonspawn Gladiator on Nov 22, 2022.
             Was a Priest of Makhleb.
             Slain by a catoblepas (6 damage)
             ... while petrified by a catoblepas
             ... on level 10 of the Dungeon.
             The game lasted 00:18:07 (10094 turns).

FalseProphet the Spear-Bearer (DsGl)               Turns: 10094, Time: 00:18:08

Health: -4/89      AC: 21    Str: 18    XL:     11   Next: 26%
Magic:  13/13      EV:  2    Int: 11    God:    Makhleb [***...]
Gold:   1628       SH:  0    Dex: 20    Spells: 10/10 levels left

rFire   . . .      SeeInvis .    a - +3 trident (freeze)
rCold   . . .      Faith    .    (no shield)
rNeg    + + +      Spirit   .    r - +5 chain mail
rPois   ∞          Reflect  +    c - +1 helmet
rElec   .          Harm     .    x - +0 cloak
rCorr   .          Rampage  .    (gloves unavailable)
Will    .....                    k - +0 pair of boots
Stlth   ..........               z - amulet of reflection
HPRegen 0.34/turn                g - +6 ring of dexterity
MPRegen 0.13/turn                u - +4 ring of evasion

@: petrified, studying 2 skills, invisible
A: claws 3, powered by death 1, demonic magic 1
a: Renounce Religion, Minor Destruction, Lesser Servant of Makhleb


You were on level 10 of the Dungeon.
You worshipped Makhleb.
Makhleb was most pleased with you.
You visited 3 branches of the dungeon, and saw 12 of its levels.

You collected 1628 gold pieces.

Inventory:

Hand Weapons
 a - a +3 trident of freezing (weapon)
Missiles
 d - 2 throwing nets (quivered)
 e - a javelin
Armour
 b - a +0 leather armour
 c - a +1 helmet (worn)
 f - a +0 scale mail
 k - a +0 pair of boots (worn)
 r - a +5 chain mail (worn)
 w - a +0 pair of gloves
 x - a +0 cloak (worn)
Jewellery
 g - a +6 ring of dexterity (left claw)
 i - a ring of flight
 j - a ring of resist corrosion
 o - a ring of poison resistance
 t - a ring of protection from cold
 u - a +4 ring of evasion (right claw)
 z - an amulet of reflection (around neck)
 F - an amulet of guardian spirit
Wands
 v - a wand of mindburst (25)
 y - a wand of iceblast (8)
 G - a wand of digging (6)
Scrolls
 p - a scroll of fear
 q - 2 scrolls of amnesia
 C - a scroll of enchant weapon
 D - 3 scrolls of identify
Potions
 h - 8 potions of brilliance
 l - 2 potions of curing
 m - a potion of cancellation
 A - a potion of haste
 B - a potion of flight
 E - 2 potions of resistance
 H - a potion of lignification {unknown}


   Skills:
 * Level 9.5 Fighting
 + Level 10.6 Polearms
 + Level 1.9 Throwing
 + Level 8.2 Armour
 + Level 4.5 Dodging
 + Level 1.3 Stealth
 - Level 0.7 Shields
 + Level 3.2 Invocations


You had 10 spell levels left.
You didn't know any spells.
Your spell library contained the following spells:

 Spells                   Type           Power      Damage    Failure   Level
 Necrotise                Necr           0%         1d4       98%         1
 Ignite Poison            Fire/Tmut/Pois 0%         N/A       100%        3
 Kindle Blastsparks       Fire/Tloc/Air  0%         2d10      100%        3
 Stone Arrow              Conj/Erth      0%         3d7       100%        3
 Vampiric Draining        Necr           0%         2d6       100%        3
 Animate Armour           Summ/Erth      0%         N/A       100%        4
 Summon Ice Beast         Ice/Summ       0%         N/A       100%        4
 Agony                    Necr           0%         N/A       100%        5
 Freezing Cloud           Conj/Ice/Air   0%         6-21      100%        5
 Summon Mana Viper        Hex/Summ       0%         N/A       100%        5
 Monstrous Menagerie      Summ           0%         N/A       100%        7
 Lehudib's Crystal Spear  Conj/Erth      0%         10d2      100%        8


Dungeon Overview and Level Annotations

Branches:
Dungeon (10/15)            Temple (1/1) D:7            Lair (1/5) D:10
    Orc: D:9-12

Altars:
Ashenzari
Cheibriados
Dithmenos
Fedhas
Gozag
Hepliaklqana
Kikubaaqudgha
Makhleb
Nemelex Xobeh
Okawaru
Qazlal
Ru
Sif Muna
Trog
Uskayaw
Vehumet
Wu Jian
Xom
Yredelemnul

Shops:
D:7 :

Annotations:
D:9 3 runed translucent doors, GiantSquids's ghost, novice GnTm
Lair:1 Amaemon


Innate Abilities, Weirdness & Mutations

You have claws for hands.
You regenerate a little health from kills.
Spells you cast may paralyse adjacent enemies.


Message History

The catoblepas gores you but does no damage.
The catoblepas breathes a plume of calcifying dust at you.
The blast of calcifying dust hits you.
You are engulfed in calcifying dust.
The catoblepas gores you but does no damage.
You are engulfed in calcifying dust.
The catoblepas completely misses you.
You are engulfed in calcifying dust.
The catoblepas stomps with a crash on the ground.
The catoblepas gores you but does no damage.
You are engulfed in calcifying dust.
The catoblepas gores you but does no damage.
The catoblepas breathes a plume of calcifying dust at you.
The blast of calcifying dust hits you.
You are engulfed in calcifying dust.
The catoblepas gores you but does no damage.
You turn to flesh and can move again.
There is a staircase to the Lair here.
Unknown command.
You feel better.
You are engulfed in calcifying dust.
You are slowing down.
The catoblepas gores you.
The catoblepas breathes a plume of calcifying dust at you.
The blast of calcifying dust hits you.
Your limbs are stiffening.
You fade into invisibility!
The catoblepas gores you!
The catoblepas gores you but does no damage.
You have turned to stone.
The catoblepas gores you!!
* * * LOW HITPOINT WARNING * * *
The catoblepas gores you!
* * * LOW HITPOINT WARNING * * *
The catoblepas gores you but does no damage.
The catoblepas gores you!
* * * LOW HITPOINT WARNING * * *
The catoblepas gores you!
* * * LOW HITPOINT WARNING * * *
The catoblepas gores you!
* * * LOW HITPOINT WARNING * * *
The catoblepas gores you!
You die...

####......# ##.##......# #
##..##.....)### ####### #
#............P## #...... #
###.#............# #...... #
##................####...... #
#..#.....†........P)..<.....
#.##...[..#†##.P........####
######..[......#@.#....P.#####
#....#..##.)...#Y>#......# ##
#..._...[.[....####......# #.
#....#).##..P.P..........# #.
#....#..###...........P.## #.
#....#.)# #........P....# #.
######..####..........#.#
####. ###............#...#
#....
########.#....#..#####..#
#....


You could see a catoblepas (unable to see you).

Vanquished Creatures
  2 two-headed ogres (D:10)
  Maggie (D:8)
  A komodo dragon (D:10)
  Grinder (D:4)
  3 slime creatures (D:9)
  4 blink frogs (D:10)
  Prince Ribbit (D:6)
  A wraith (D:10)
  2 yaks
  3 steam dragons
  Menkaure (D:4)
  An acid dragon (D:8)
  5 water moccasins
  2 black bears
  3 orc warriors
  2 sky beasts (D:7)
  3 ice beasts
  2 ogres
  4 centaurs
  A phantom (D:5)
  2 kobold brigands
  2 necrophages
  6 bullfrogs
  2 scorpions (D:5)
  A gnoll sergeant (D:8)
  7 wights
  20 killer bees
  2 howler monkeys
  3 crimson imps (D:5)
  A gnoll bouda (D:8)
  A jelly (D:6)
  4 orc priests
  7 hounds
  Crazy Yiuf (D:5)
  Ijyb (D:5)
  An iguana (D:4)
  6 orc wizards
  14 gnolls
  10 adders
  An ufetubus (D:6)
  2 worms
  2 dart slugs
  39 orcs
  6 ball pythons
  10 endoplasms
  4 giant cockroaches
  10 goblins
  13 hobgoblins
  14 kobolds
  8 quokkas
  6 bats
  3 frilled lizards
  3 rats
255 creatures vanquished.

Vanquished Creatures (others)
  23 fungi (D:10)
  24 plants
47 creatures vanquished.

Grand Total: 302 creatures vanquished

Notes
Turn   | Place    | Note
-------+----------+-------------------------------------------
     0 | D:1      | FalseProphet the Demonspawn Gladiator began the quest for
                  | the Orb.
     0 | D:1      | Reached XP level 1. HP: 16/16 MP: 1/1
   213 | D:1      | Reached skill level 3 in Polearms
   250 | D:1      | Gained mutation: Spells you cast may paralyse adjacent
                  | enemies. [demonic ancestry]
   250 | D:1      | Reached XP level 2. HP: 22/22 MP: 2/2
   665 | D:1      | Found a faded altar of an unknown god.
   857 | D:2      | Gained mutation: You have sharp fingernails. [demonic
                  | ancestry]
   857 | D:2      | Reached XP level 3. HP: 28/28 MP: 3/3
   921 | D:2      | Reached skill level 1 in Armour
  1190 | D:2      | Reached XP level 4. HP: 33/34 MP: 4/4
  1632 | D:2      | Gained mutation: You regenerate a little health from kills.
                  | [demonic ancestry]
  1632 | D:2      | Reached XP level 5. HP: 32/41 MP: 5/5
  2157 | D:3      | Reached skill level 4 in Polearms
  2239 | D:3      | Found a sparkling altar of Nemelex Xobeh.
  2239 | D:3      | Found a blossoming altar of Fedhas.
  2471 | D:3      | Reached XP level 6. HP: 24/48 MP: 6/6
  2730 | D:4      | Found a hazy altar of Hepliaklqana.
  2772 | D:4      | Noticed Menkaure
  2781 | D:4      | Killed Menkaure
  2996 | D:4      | Noticed Grinder
  3019 | D:4      | Killed Grinder
  3020 | D:4      | Reached XP level 7. HP: 43/55 MP: 7/7
  3464 | D:4      | Reached skill level 5 in Polearms
  3651 | D:5      | Entered Level 5 of the Dungeon
  3660 | D:5      | Reached skill level 5 in Fighting
  3956 | D:5      | Reached XP level 8. HP: 54/62 MP: 8/8
  4100 | D:5      | Reached skill level 6 in Polearms
  4100 | D:5      | Reached skill level 5 in Armour
  4181 | D:5      | Identified a scroll of acquirement
  4181 | D:5      | Acquired 1142 gold pieces
  4252 | D:5      | Found a runed translucent door.
  4253 | D:5      | Noticed Crazy Yiuf
  4261 | D:5      | Killed Crazy Yiuf
  4465 | D:5      | Found a shimmering altar of Xom.
  4617 | D:5      | Noticed Ijyb
  4627 | D:5      | Killed Ijyb
  5111 | D:6      | Reached XP level 9. HP: 44/71 MP: 9/9
  5259 | D:6      | Noticed Prince Ribbit
  5268 | D:6      | Killed Prince Ribbit
  5269 | D:6      | Reached skill level 7 in Polearms
  6149 | D:7      | Found a staircase to the Ecumenical Temple.
  6235 | Temple   | Entered the Ecumenical Temple
  6286 | Temple   | Became a worshipper of Makhleb the Destroyer
  6544 | D:7      | Found Maokhleol's Book Emporium.
  6715 | D:7      | Reached skill level 8 in Polearms
  7030 | D:8      | Reached * piety under Makhleb
  7043 | D:8      | Gained mutation: You have very sharp fingernails. [demonic
                  | ancestry]
  7043 | D:8      | Reached XP level 10. HP: 61/80 MP: 10/10
  7177 | D:8      | Noticed Maggie
  7192 | D:8      | Killed Maggie
  7275 | D:8      | Found an iron altar of Okawaru.
  7345 | D:8      | Found a stormy altar of Qazlal.
  7397 | D:8      | Reached skill level 9 in Polearms
  7507 | D:8      | Found a hide-covered altar of Uskayaw.
  7942 | D:9      | Reached ** piety under Makhleb
  8343 | D:9      | Found a runed translucent gate.
  8343 | D:9      | Found a runed translucent gate.
  8343 | D:9      | Found a runed translucent gate.
  8343 | D:9      | Noticed a nine-headed hydra
  8343 | D:9      | Noticed GiantSquids's ghost (novice GnTm)
  8344 | D:9      | Noticed a ten-headed hydra
  8584 | D:10     | Entered Level 10 of the Dungeon
  8597 | D:10     | Noticed a two-headed ogre
  8713 | D:10     | Killed a two-headed ogre
  8714 | D:10     | Reached skill level 10 in Polearms
  8714 | D:10     | Reached skill level 1 in Invocations
  9016 | D:10     | Gained mutation: You have claws for hands. [demonic
                  | ancestry]
  9016 | D:10     | Reached XP level 11. HP: 18/89 MP: 12/12
  9341 | D:10     | Noticed a two-headed ogre
  9433 | D:10     | Killed a two-headed ogre
  9704 | D:10     | Reached *** piety under Makhleb
  9752 | D:10     | Found a staircase to the Lair.
  9848 | Lair:1   | Entered Level 1 of the Lair of Beasts
  9849 | Lair:1   | Noticed a catoblepas
  9924 | D:10     | Reached skill level 1 in Stealth
 10064 | Lair:1   | Noticed Amaemon
 10093 | D:10     | HP: 2/89 [catoblepas (3)]
 10094 | D:10     | Slain by a catoblepas

Illustrated notes

Levels and vault maps discovered:
D:1:      lemuel_arrival_behind_the_door_large, layout_basic,
          basic_ecumenical_altar, nicolae_titane
D:2:      layout_rooms
D:3:      layout_loops_ring, gammafunk_temple_overflow_pools
D:4:      minmay_angry_zag, layout_basic, gammafunk_temple_overflow_wave,
          uniq_grinder, uniq_menkaure
D:5:      layout_rooms, led_xom_imps, minmay_manual_mandibuliform, uniq_ijyb,
          uniq_crazy_yiuf_cottage
D:6:      wander_river, layout_basic, lemuel_doored_altar, serial_rivers,
          chequers_serial_rivers_room_b, chequers_serial_rivers_micro_a,
          chequers_serial_rivers_micro_a, chequers_serial_rivers_marsh,
          chequers_serial_rivers_micro_d, uniq_prince_ribbit1
D:7:      layout_gridville, temple_green, enter_bailey_3,
          nicolae_ossuary_entry_plus, serial_shops, shop, serial_bayou_pond_b,
          abandoned_shop
D:8:      layout_rooms, mainiacjoe_overflow_chevrons,
          mainiacjoe_overflow_concentric_impassable, kennysheep_mini_moat,
          uniq_maggie
D:9:      layout_roguey, gammafunk_ghost_hydra_chop
D:10:     layout_rooms, grunt_lair_entry_orc_guard_hut, special_room
          [special_room_orc]
Temple:   nicolae_temple_god_jail
Lair:1:   gammafunk_indiana_jones, layout_regular_city, serial_bayou_shore_a,
          infiniplex_staircase_pool, uniq_amaemon

Skill      XL: |  1  2  3  4  5  6  7  8  9 10 11 |
---------------+----------------------------------+-----
Polearms       | 3 4 5 6 8 10 | 10.6
Armour         | 1 2 3 4 6 7 8 |  8.2
Dodging        | 3 4 |  4.5
Fighting       | 3 4 5 6 7 9 |  9.5
Invocations    | 2 3 |  3.2
Stealth        | 1 |  1.3
Throwing       | |  1.9
Shields        | |  0.7

Action                   |  1- 3 |  4- 6 |  7- 9 | 10-12 || total
-------------------------+-------+-------+-------+-------++-------
Melee: Trident           |    98 |   151 |   462 |   368 ||  1079
       Punch             |     2 |       |     4 |     8 ||    14
Throw: Throwing net      |       |       |       |     1 ||     1
Invok: Minor Destruction |       |       |       |    19 ||    19
  Use: Scroll            |     5 |    10 |    10 |    10 ||    35
       Potion            |       |       |     1 |     5 ||     6
 Stab: Invisible         |       |       |       |     6 ||     6
Armor: Scale mail        |    17 |    58 |       |       ||    75
       Chain mail        |       |     9 |   276 |   156 ||   441
Dodge: Dodged            |    54 |    78 |   195 |   203 ||   530
Block: Other             |       |       |    52 |    73 ||   125
       Reflection        |       |       |       |     4 ||     4

Table legend: (Time is in decaauts)
 A = Elapsed time spent in this place.
 B = Non-inter-level travel time spent in this place.
 C = Inter-level travel time spent in this place.
 D = Time resting spent in this place.
 E = Time spent auto-exploring this place.
 F = Levels seen in this place.
 G = Mean time per level.
                   A        B        C        D        E       F      G
               +--------+--------+--------+--------+--------+-----+--------+
         Total |  10074 |   9693 |    381 |   1126 |   6577 |  12 |  839.5 |
       Dungeon |   9980 |   9611 |    369 |   1126 |   6548 |  10 |  998.0 |
        Temple |     64 |     52 |     12 |      0 |     29 |   1 |   64.0 |
          Lair |     29 |     29 |      0 |      0 |      0 |   1 |   29.0 |
               +--------+--------+--------+--------+--------+-----+--------+

Top non-repeatable levels by time:
    D:10: 1348 daAuts
     D:5: 1132 daAuts
     D:7: 1099 daAuts
     D:9: 1068 daAuts
     D:2: 1020 daAuts
     D:6: 1006 daAuts
     D:4: 989 daAuts
     D:1: 844 daAuts
     D:3: 831 daAuts
     D:8: 638 daAuts
  Temple: 64 daAuts
  Lair:1: 29 daAuts
